 Dungeon Crawl Stone Soup version 0.31-a0-851-g7ff8af7976 (webtiles) character file.

Game seed: 5073838882133010267

1410628 MackTheKnife the Corrupter of Planes (level 25, 201/201 HPs)
             Began as a Pale Draconian Fire Elementalist on Oct 5, 2023.
             Was the Champion of Lugonu.
             Escaped with the Orb
             ... and 3 runes on Oct 6, 2023!
             The game lasted 03:27:21 (94917 turns).

MackTheKnife the Corrupter of Planes (DrFE)        Turns: 94917, Time: 03:27:21

Health: 201/201    AC: 19    Str: 19    XL:     25   Next: 26%
Magic:  35/35      EV: 29    Int: 25    God:    Lugonu [******]
Gold:   2678       SH: 25    Dex: 22    Spells: 5/48 levels left

rFire   + + .        s - +8 flail of Valiance {pain, Fly Str-3 Dex+10 Stlth+, mace}
rCold   + + .        O - +5 kite shield
rNeg    + . .        (body armour unavailable)
rPois   .            r - +2 hat
rElec   +            k - scarf of Zumuph {rC+ rF+, rN+ Str+4}
rCorr   .            w - +2 pair of gloves "Cyreyshed" {SInv}
SInv    +            A - +1 pair of boots of Derecehor {+Inv rElec rC+}
Will    +++..        W - amulet of the Raven {Reflect rF+ SH+5}
Stlth   ++           Z - ring "Okkenisu" {Will+ EV+5 Str+2}
HPRegen 0.53/turn    E - ring of Xaschi {Will+ Str+5}
MPRegen 0.24/turn

%: reflection
@: flying
A: breathe steam, AC +12, unfitting armour, cold-blooded, steam resistance,
horns 1, clumsy 1, frail 1, low MP 1, wild magic 1
0: Orb of Zot
}: 3/15 runes: serpentine, barnacled, silver
a: Breathe Steam, Renounce Religion, Evoke Invisibility, Depart the Abyss,
Banish, Corrupt, Enter the Abyss, Brand Weapon With Distortion


You escaped.
You worshipped Lugonu.
Lugonu was exalted by your worship.
You visited 9 branches of the dungeon, and saw 47 of its levels.
You also visited: Trove, Gauntlet and Ice Cave.

You collected 8371 gold pieces.
You spent 5693 gold pieces at shops.


Innate Abilities, Weirdness & Mutations

You can breathe blasts of scalding, opaque steam.
Your pale cyan-grey scales are hard. (AC +12)
You cannot fit into any form of body armour.
You are cold-blooded and may be slowed by cold attacks.
You are immune to the effects of steam.
You have a pair of small horns on your head.
You are clumsy. (Dex -2)
You are frail. (-10% HP)
Your magical capacity is low. (-10% MP)
Your spells are a little harder to cast, but a little more powerful.


   Skills:
 - Level 18.0 Fighting
 - Level 14.0 Maces & Flails
 + Level 16.3 Dodging
 - Level 6.0 Stealth
 - Level 15.0 Shields
 - Level 12.0 Spellcasting
 - Level 18.0 Conjurations
 - Level 3.0 Summonings
 - Level 14.1 Necromancy
 - Level 6.0 Translocations
 - Level 15.0 Fire Magic
 - Level 12.0 Air Magic
 - Level 7.0 Earth Magic
 - Level 18.0 Invocations
 - Level 12.0 Evocations


You had 5 spell levels left.
You knew the following spells:

 Your Spells              Type           Power      Damage    Failure   Level
a - Borgnjor's Vile Clut  Necr/Erth      36%        N/A       4%          5
b - Scorch                Fire           100%       2d9       1%          2
c - Passage of Golubria   Tloc           55%        N/A       9%          4
d - Blink                 Tloc           100%       N/A       1%          2
e - Starburst             Conj/Fire      45%        6d13      2%          6
f - Plasma Beam           Fire/Air       41%        2x1d55    6%          6
g - Summon Lightning Spi  Summ/Air       62%        N/A       5%          4
h - Death Channel         Necr           42%        N/A       5%          6
i - Foxfire               Conj/Fire      100%       2x1d9     1%          1
j - Orb of Destruction    Conj           47%        9d12      5%          7

Your spell library contained the following spells:

 Spells                   Type           Power      Damage    Failure   Level
 Apportation              Tloc           100%       N/A       1%          1
 Magic Dart               Conj           100%       1d8       1%          1
 Necrotise                Necr           100%       1d9       1%          1
 Sandblast                Erth           100%       2d20      1%          1
 Cigotuvi's Dreadful Rot  Necr/Pois/Air  100%       N/A       1%          2
 Lesser Beckoning         Tloc           100%       N/A       1%          2
 Searing Ray              Conj           100%       2d8       1%          2
 Static Discharge         Conj/Air       100%       2-7/arc   1%          2
 Sublimation of Blood     Necr           84%        N/A       1%          2
 Hailstorm                Conj/Ice       67%        3d14      1%          3
 Inner Flame              Hex/Fire       62%        N/A       1%          3
 Stone Arrow              Conj/Erth      100%       3d13      1%          3
 Vampiric Draining        Necr           84%        2d12      1%          3
 Volatile Blastmotes      Fire/Tloc      100%       2d18      1%          3
 Airstrike                Air            39%        2d(6-22)  1%          4
 Brom's Barrelling Bould  Conj/Erth      79%        2d9       1%          4
 Dispel Undead            Necr           84%        3d27      1%          4
 Flame Wave               Conj/Fire      91%        2d19      1%          4
 Iskenderun's Mystic Bla  Conj/Tloc      78%        2d16      1%          4
 Arcjolt                  Conj/Air       43%        1d53      1%          5
 Summon Small Mammal      Summ           100%       N/A       3%          1
 Gell's Gravitas          Tloc           55%        N/A       3%          3
 Teleport Other           Tloc           55%        N/A       3%          3
 Fulminant Prism          Conj/Hex       33%        3d16      3%          4
 Vhi's Electric Charge    Tloc/Air       100%       N/A       3%          4
 Passwall                 Tmut/Erth      35%        N/A       4%          2
 Call Canine Familiar     Summ           39%        N/A       9%          3
 Manifold Assault         Tloc           55%        N/A       9%          4
 Freeze                   Ice            76%        1d8       10%         1
 Slow                     Hex            76%        N/A       10%         1
 Wereblood                Tmut           19%        N/A       14%         2
 Lee's Rapid Deconstruct  Erth           30%        3d16*     14%         5
 Summon Guardian Golem    Hex/Summ       29%        N/A       16%         3
 Leda's Liquefaction      Hex/Erth       21%        N/A       22%         4
 Silence                  Hex/Air        27%        N/A       22%         5
 Confusing Touch          Hex            19%        N/A       26%         3
 Frozen Ramparts          Ice            38%        1d6       26%         3
 Sigil of Binding         Hex            19%        N/A       26%         3
 Tukima's Dance           Hex            19%        N/A       26%         3
 Dimensional Bullseye     Hex/Tloc       19%        N/A       26%         4
 Summon Ice Beast         Ice/Summ       29%        N/A       43%         4
 Olgreb's Toxic Radiance  Pois           19%        N/A       63%         4
 Alistair's Intoxication  Tmut/Pois      12%        N/A       91%         5
 Conjure Ball Lightning   Conj/Air       43%        3x3d15    3%          6
 Simulacrum               Ice/Necr       30%        N/A       58%         6
 Spellforged Servitor     Conj/Summ      36%        N/A       67%         7
 Dispersal                Tloc           27%        N/A       71%         6
 Ignition                 Fire           43%        3d12      73%         8
 Lehudib's Crystal Spear  Conj/Erth      39%        10d10     96%         8
 Summon Cactus Giant      Summ           19%        N/A       98%         6
 Maxwell's Capacitive Co  Air            39%        ∞         98%         8
 Eringya's Noxious Bog    Tmut/Pois      9%         4d6       100%        6
 Malign Gateway           Summ/Tloc      24%        N/A       100%        7
 Summon Hydra             Summ           19%        N/A       100%        7
 Discord                  Hex            9%         N/A       100%        8
 Disjunction              Tloc           27%        N/A       100%        8
 Summon Horrible Things   Summ           19%        N/A       100%        8
 Chain Lightning          Conj/Air       43%        3d57      100%        9
 Fire Storm               Conj/Fire      45%        8d12      100%        9
 Shatter                  Erth           30%        3d25*     100%        9
 Animate Armour           Summ/Erth      Unusable   N/A       N/A         4

Inventory:

Hand Weapons
 b - the +5 great mace of Hell's Wrath {antimagic, rElec Will+, mace}
   (You took it off an ettin on level 1 of the Vaults)

   rElec:     It insulates you from electricity.
   Will+:     It increases your willpower.
 s - the +8 flail of Valiance (weapon) {pain, Fly Str-3 Dex+10 Stlth+, mace}
   (You took it off a gnoll on level 5 of the Dungeon)

   Str-3:     It affects your strength (-3).
   Dex+10:    It affects your dexterity (+10).
   Fly:       It grants you flight.
   Stlth+:    It makes you more stealthy.
 J - the +7 flail of Peril {flame, Will++ Dex-3, mace}
   (You took it off a deep elf annihilator on level 5 of the Vaults)

   Dex-3:     It affects your dexterity (-3).
   Will++:    It greatly increases your willpower.
Armour
 k - the scarf of Zumuph (worn) {rC+ rF+, rN+ Str+4}
   (You acquired it on level 2 of the Lair of Beasts)

   Str+4:     It affects your strength (+4).
   rN+:       It protects you from negative energy.
 r - a +2 hat (worn)
   (You found it on level 3 of the Vaults)
 w - the +2 pair of gloves "Cyreyshed" (worn) {SInv}
   (You found it on level 3 of the Elven Halls)

   SInv:      It lets you see invisible.
 A - the +1 pair of boots of Derecehor (worn) {+Inv rElec rC+}
   (You found it in a Gauntlet)

   rC+:       It protects you from cold.
   rElec:     It insulates you from electricity.
   +Inv:      It lets you turn invisible.
 O - a +5 kite shield (worn)
   (You took it off a vault warden on level 2 of the Vaults)
Jewellery
 y - a ring of wizardry
   (You found it on level 3 of the Lair of Beasts)
 D - a ring of poison resistance
   (You took it off a naga on level 4 of the Snake Pit)
 E - the ring of Xaschi (right hand) {Will+ Str+5}
   (You found it in a Gauntlet)

   [ring of willpower]

   Str+5:     It affects your strength (+5).
   Will+:     It increases your willpower.
 S - a ring of the Octopus King {HP+2 AC+2 EV+2 SH+2 SInv}
   (You found it on level 5 of the Lair of Beasts)

   [ring of see invisible]

   AC+2:      It affects your AC (+2).
   EV+2:      It affects your evasion (+2).
   HP+2:      It affects your health (+2).
   SInv:      It lets you see invisible.
   SH+2:      It affects your SH (+2).
 W - the amulet of the Raven (around neck) {Reflect rF+ SH+5}
   (You found it on level 14 of the Dungeon)

   [amulet of reflection]

   Reflect:   It reflects blocked missile attacks.
   rF+:       It protects you from fire.
   SH+5:      It affects your SH (+5).
 Z - the ring "Okkenisu" (left hand) {Will+ EV+5 Str+2}
   (You bought it in a shop on level 1 of the Snake Pit)

   [ring of evasion]

   EV+5:      It affects your evasion (+5).
   Str+2:     It affects your strength (+2).
   Will+:     It increases your willpower.
Wands
 j - a wand of flame (88)
   (You found it on level 5 of the Dungeon)
 x - a wand of charming (31)
   (You bought it in a shop on level 8 of the Dungeon)
 F - a wand of polymorph (36)
   (You found it in a Gauntlet)
 H - a wand of mindburst (19)
   (You found it on level 2 of the Shoals)
 Q - a wand of digging (9)
   (You found it on level 5 of the Lair of Beasts)
 R - a wand of roots (36)
   (You found it on level 12 of the Dungeon)
Scrolls
 c - 9 scrolls of enchant weapon
 d - a scroll of summoning
 i - 12 scrolls of teleportation {@r4}
 n - 4 scrolls of fog
 C - 8 scrolls of identify {@r1}
 G - 6 scrolls of amnesia
 I - 6 scrolls of poison {!r}
 K - 4 scrolls of brand weapon
 M - 9 scrolls of fear
 Y - a scroll of revelation
Potions
 e - 10 potions of heal wounds {@q2}
 f - 7 potions of enlightenment
 g - 4 potions of curing {@q1}
 m - a potion of mutation {!q}
 v - 2 potions of might
 z - 7 potions of brilliance
 N - 5 potions of invisibility
 U - a potion of resistance
Miscellaneous
 o - a box of beasts (inert)
   (You found it in a Gauntlet)
 p - a lightning rod (inert)
   (You found it on level 3 of the Snake Pit)
 u - a phantom mirror (inert)
   (You found it on level 14 of the Dungeon)
 T - a condenser vane (inert)
   (You found it on level 12 of the Dungeon)
 V - a phial of floods (inert)
   (You found it on level 14 of the Dungeon)

Dungeon Overview and Level Annotations

Branches:
Dungeon (15/15)            Temple (0/1) D:7            Lair (5/5) D:9
 Shoals (4/4) Lair:3        Snake (4/4) Lair:3        Slime (0/5) Lair:4
    Orc (2/2) D:12            Elf (3/3) Orc:2        Vaults (5/5) D:14
  Crypt (0/3) Vaults:2     Depths (4/4) D:15            Zot (5/5) Depths:4
  IceCv (visited)         Gauntlet (visited)

Altars:
Ashenzari
Cheibriados
Dithmenos
Elyvilon
Fedhas
Hepliaklqana
Kikubaaqudgha
Makhleb
Nemelex Xobeh
Okawaru
Qazlal
Ru
Sif Muna
Trog
Uskayaw
Vehumet
Wu Jian
Xom
Yredelemnul
Zin
The Shining One
Lugonu

Shops:
D:2 *   D:8 *   D:9 :   Orc:2 [:(*   Shoals:1 *   Snake:1 =*=(?[!   Snake:4 =[
Vaults:3 (   Vaults:4 (   Depths:2 [?*?

Portals:
Hell: Depths:1 Depths:2 Depths:3 Depths:4
Abyss: Depths:2 Depths:3
Pandemonium: Depths:2
Ziggurat: Depths:3

Annotations:
D:4 1 runed translucent door, Crazy Yiuf
D:5 Dowan, Duvessa
D:12 Jorgrun
D:14 3 runed translucent doors, Ycoch's ghost, journeyman SpBr
Lair:1 exclusion: orange demon
Orc:2 corrupted
Elf:2 3 runed translucent doors
Vaults:3 Mara
Vaults:4 exclusion: obsidian statue
Vaults:5 corrupted
Depths:2 2 runed translucent doors, Boysiah's ghost, adept DECA
Zot:5 3 runed translucent doors, exclusions: 4 upstairs and 1 more exclusion, Alep's ghost, legendary GnFE; Heoriaro's ghost, legendary GnFi

#.........##...##.#.............
#.........#....+..#.....2.......
##...#######....###...2..1....###
...†..............'..§#1#.#....#.
############.######.....#.#....#.
#.# #...###.#..).#. ######
#####.#####....# #.#...... .....#
#.....##.>.###.###.#....#. .....#
#######..@..##.....#....#. .....#
##.......############. .....#
##..⌠...⌠..## #.. .....#
##...........## ##### .....#
##.⌠....⌠....⌠.## #.... .....#
##...............## #....
########..⌠...⌠...⌠...⌠..## #....
##...(...............###....
#......⌠.......⌠......##....


You could see a Tzitzimitl and a hell beast.


Message History

You hear a snapping sound.
There is an open door, spattered with blood here. 😕 HP[+1] 😕 HP[+1] 😕 MP[+1]
Your mp is fully restored (35). 😕 HP[+1] 😕 HP[+1]
There is a stone staircase leading up here.
You fly upwards.
There is a stone staircase leading down here. 😕 HP[+2]
You regained 2 hp, and now have 171/201 hp. 😕 HP[+1] 😕 HP[+1]
An ice devil comes into view.
There is an open door here. 😕 HP[+1] 😕 HP[+1]
You block the ice devil's attack.
You sock the ice devil! Your headbutt misses the ice devil.
You tail-slap the ice devil, but do no damage. 😕 HP[+1]
You sock the ice devil! You block the ice devil's attack.
You sock the ice devil!
You block the ice devil's attack. 😕 HP[+1]
You hit the ice devil. Your headbutt misses the ice devil.
You block the ice devil's attack.
You bludgeon the ice devil!!
You kill the ice devil!
Lugonu accepts your kill. 😕 HP[+1]
There is a stone staircase leading up here. 😕 HP[+1]
You fly upwards.
There is a stone staircase leading down here. 😕 HP[+1]
A sixfirhy comes into view. 😕 HP[+7]
You regained 7 hp, and now have 187/201 hp.
You can't go up here! 😕 HP[+1]
You sock the sixfirhy! Your headbutt misses the sixfirhy.
You tail-slap the sixfirhy.
The sixfirhy hits you but does no damage.
You block the sixfirhy's attack.
The sixfirhy hits you but does no damage.
You block the sixfirhy's attack.
You hit the sixfirhy.
You tail-slap the sixfirhy, but do no damage.
You block the sixfirhy's attack. 😕 HP[+1]
You hit the sixfirhy. Your headbutt misses the sixfirhy.
Your tail-slap misses the sixfirhy.
You bludgeon the sixfirhy!!
You kill the sixfirhy!
Lugonu accepts your kill. 😕 HP[+1] 😕 HP[+1] 😕 HP[+1] 😕 HP[+1] 😕 HP[+1]
There is a stone staircase leading up here. 😕 HP[+1]
You fly upwards.
There is a stone staircase leading down here. 😕 HP[+1]
You see here a +0 club {mace}.
A hell beast comes into view. 😎 HP[+5]
Your hp is fully restored (201).
The hell beast completely misses you. You block the hell beast's attack.
The hell beast attacks as it pursues you!
You block the hell beast's attack. x2
You block the hell beast's attack. x2
The hell beast attacks as it pursues you!
You block the hell beast's attack. x2
A Tzitzimitl comes into view.
Unknown command.
Okay, then.
Okay, then.
Unknown command.
Unknown command.
Blink to where?
Press: ? - help, Dir - move target
As you read the scroll of blinking {!r}, it crumbles to dust.
Aiming: Dig
Press: ? - help, Shift-Dir - straight line This square is covered in magical glow.
The rock shatters into small pieces.
Hit: s) +8 flail of Valiance {pain, Fly Str-3 Dex+10 Stlth+, mace}
Press: ? - help, Dir - move target, f - you
Okay, then.
Unknown command.
Okay, then.
Unknown command.
Blink to where?
Press: ? - help, Dir - move target
As you read the scroll of blinking {!r}, it crumbles to dust.
You have escaped!

Skill      XL: |  1  2  3  4  5  6  7  8  9 10 11 12 13 14 15 16 17 18 19 20 21 22 23 24 25 |
---------------+----------------------------------------------------------------------------+-----
Stealth        | 2 6 |  6.0
Fire Magic     | 4 5 6 10 14 15 | 15.0
Spellcasting   | 3 8 10 12 | 12.0
Dodging        | 2 4 5 6 8 11 12 13 14 15 16 | 16.3
Fighting       | 2 5 7 8 11 12 13 14 15 16 18 | 18.0
Invocations    | 3 5 6 10 12 16 18 | 18.0
Maces & Flails | 6 8 9 12 14 | 14.0
Conjurations   | 2 9 10 14 18 | 18.0
Evocations     | 4 8 9 10 11 12 | 12.0
Translocations | 1 5 6 |  6.0
Shields        | 4 5 8 12 14 15 | 15.0
Air Magic      | 11 12 | 12.0
Summonings     | 3 |  3.0
Necromancy     | 13 14 | 14.1
Earth Magic    | 7 |  7.0

Action                     |  1- 3 |  4- 6 |  7- 9 | 10-12 | 13-15 | 16-18 | 19-21 | 22-24 | 25-27 || total
---------------------------+-------+-------+-------+-------+-------+-------+-------+-------+-------++-------
  Melee: Unarmed           |     1 |       |       |       |       |       |       |       |       ||     1
         Dagger            |    18 |    30 |       |       |       |       |       |       |       ||    48
         Quarterstaff      |     3 |       |       |       |       |       |       |       |       ||     3
         Tailslap          |     4 |     3 |    11 |    57 |   215 |   213 |   322 |   341 |    28 ||  1194
         Club              |     2 |       |       |       |       |       |       |       |       ||     2
         Punch             |       |     1 |       |     2 |     2 |       |       |       |       ||     5
         Whip              |       |       |    12 |       |       |       |       |       |       ||    12
         Flail             |       |       |    46 |   294 |   994 |  1000 |  1208 |  1159 |    89 ||  4790
         Headbutt          |       |       |       |       |       |       |       |       |     9 ||     9
  Throw: Dart              |       |       |       |       |    27 |       |       |       |       ||    27
   Cast: Foxfire           |    78 |    84 |   107 |   306 |   663 |   190 |     3 |       |       ||  1431
         Scorch            |     1 |    16 |    41 |   127 |   288 |       |       |       |       ||   473
         Passage of Golubr |       |       |       |       |     5 |       |       |     6 |     8 ||    19
         Starburst         |       |       |       |       |     2 |   152 |    29 |    34 |       ||   217
         Plasma Beam       |       |       |       |       |       |   171 |   177 |   326 |     4 ||   678
         Summon Lightning  |       |       |       |       |       |    38 |    23 |    14 |     1 ||    76
         Death Channel     |       |       |       |       |       |     1 |    27 |    20 |     1 ||    49
         Borgnjor's Vile C |       |       |       |       |       |       |    35 |   117 |     4 ||   156
         Orb of Destructio |       |       |       |       |       |       |       |    41 |    11 ||    52
 Invoke: Banish            |       |       |     2 |     5 |     2 |       |       |     3 |       ||    12
         Corrupt           |       |       |       |       |     1 |       |       |     1 |       ||     2
Ability: Breathe Steam     |       |       |    24 |    50 |   120 |    46 |     8 |     5 |     1 ||   254
         Evoke Invisibilit |       |       |       |       |       |     1 |       |       |       ||     1
  Evoke: Wand              |       |       |     7 |     7 |     7 |    21 |     5 |    18 |     2 ||    67
         Box of beasts     |       |       |       |     1 |     3 |     4 |     2 |     4 |     1 ||    15
         Lightning rod     |       |       |       |       |       |    17 |    10 |    16 |     4 ||    47
         Condenser vane    |       |       |       |       |       |     4 |     1 |     4 |     1 ||    10
         Phial of floods   |       |       |       |       |       |     2 |     1 |     1 |     1 ||     5
         Phantom mirror    |       |       |       |       |       |     1 |     1 |     1 |     1 ||     4
    Use: Scroll            |       |     4 |     5 |    11 |    13 |     3 |    10 |    20 |    10 ||    76
         Potion            |       |       |     3 |     2 |       |     5 |     1 |    21 |    22 ||    54
   Stab: Sleeping          |     1 |       |       |     2 |     1 |     9 |    10 |     1 |       ||    24
         Distracted        |       |       |       |     1 |     1 |     9 |    18 |    12 |       ||    41
         Invisible         |       |       |       |       |     3 |     8 |     1 |     5 |       ||    17
 Armour: Skin              |    15 |    24 |    57 |   222 |   474 |   439 |   407 |   535 |    35 ||  2208
  Dodge: Dodged            |    22 |    23 |    78 |   459 |   942 |  1057 |   977 |   831 |    61 ||  4450
  Block: Other             |       |       |       |    23 |   153 |       |       |       |       ||   176
         Buckler           |       |       |       |       |   383 |   816 |   634 |       |       ||  1833
         Reflection        |       |       |       |       |    15 |    93 |    43 |    41 |     5 ||   197
         Kite shield       |       |       |       |       |       |       |   115 |  1387 |   138 ||  1640

Levels and vault maps discovered:
D:1:      dpeg_arrival_lava_temple_mockup, layout_basic,
          shapermc_ecumenical_altar_mp_vishouse, minmay_misc_feat_ornament,
          minmay_pentomino_v2
D:2:      layout_basic, serial_shops, nicolae_shop_crystal
D:3:      layout_loops_corners, overflow_temple_1_default, serial_forest,
          infiniplex_forest_join, infiniplex_forest_lined_room_3,
          infiniplex_forest_clump_double, infiniplex_forest_lined_3,
          infiniplex_forest_clump_C, infiniplex_forest_straight_2,
          infiniplex_forest_clump_long, minmay_door_square
D:4:      layout_gridville, lemuel_doored_altar, mainiacjoe_overflow_24_doors,
          uniq_pikel, uniq_crazy_yiuf_cottage
D:5:      layout_loops_cross, grunt_temple_overflow_open,
          chequers_decorated_corner, uniq_menkaure, uniq_grinder, uniq_duvessa
D:6:      layout_loops_corners, mainiacjoe_overflow_catwalk, st_stairs_11
D:7:      layout_layer_cave, temple_doors_cd
D:8:      layout_loops_ring, palyth_temple_overflow_mages,
          nicolae_yredelemnul_corpse_copse, minmay_shop_grid_forest,
          grunt_ministairs_8
D:9:      layout_big_octagon, cheibriados_altar_1, lemuel_crystal_altar,
          mainiacjoe_overflow_big_doors, hellmonk_lair_entry_icy, serial_shops,
          nicolae_shop_mannequins
D:10:     layout_rooms, marbit_many_paths, mainiacjoe_overflow_chevrons,
          uniq_psyche
D:11:     layout_gridville
D:12:     nzn_winding_woodlands_cross [nzn_winding_woodlands_5x15_default,
          nzn_winding_woodlands_5x15_garden,
          nzn_winding_woodlands_5x15_sawtooth,
          nzn_winding_woodlands_5x15_parted,
          nzn_winding_woodlands_15x15_thick_spiral], layout_long_grid,
          orc_0_dummy, uniq_jorgrun
D:13:     layout_irregular_city
D:14:     minmay_the_grid_octo_tiled_squarecenter_mashed
          [minmay_the_grid_octo_clover_2, minmay_the_grid_octo_empty,
          minmay_the_grid_octo_checkered, minmay_the_grid_octo_tetromino_candy,
          minmay_the_grid_square_5x5_megaprize_checkered,
          minmay_the_grid_square_5x5_forky, minmay_the_grid_square_5x5_moneybag,
          minmay_the_grid_square_5x5_inset,
          minmay_the_grid_square_5x5_intrusive_squares], layout_basic,
          gammafunk_ghost_hydra_chop
D:15:     hellmonk_depths_entry_around_the_bend, layout_gridville,
          minmay_fountain_box
Lair:1:   layout_loops_ring, serial_bayou, serial_bayou_crossing,
          serial_bayou_pond_a, serial_bayou_lake_a, serial_bayou_ford_a,
          uniq_amaemon, uniq_jeremiah
Lair:2:   layout_regular_city, grunt_megastairs_2, uniq_maggie
Lair:3:   layout_small_grid, elwin_shoals_entry_rooms,
          guppyfry_snake_entry_garden, gauntlet_entry_generic,
          grunt_forest_small_clearings, beast_lair_carwin_10,
          infiniplex_staircase_pool, serial_bayou_shore_b
Lair:4:   layout_layer_cave, slime_entry_1, st_stairs_8
Lair:5:   gammafunk_lair_ancient_temple, layout_misc_corridors
Shoals:1: layout_shoals, serial_shops, shop
Shoals:2: layout_shoals
Shoals:3: layout_shoals
Shoals:4: shoals_end_simple, layout_shoals, portal_ice_cave_entry_pillars_four
Snake:1:  layout_grid_maze, serial_shops, shop, shop,
          nicolae_shop_temple_entry_statues_fountains,
          nicolae_shop_advertising_works [nicolae_subvault_shop_adworks],
          hellmonk_ghost_happy_afterlife, grunt_ministairs_3, minmay_shop_star
Snake:2:  layout_honeycomb, lemuel_fruit_tree
Snake:3:  cheibrodos_snake_lava_hold, layout_chambers, grunt_megastairs_1,
          uniq_asterion, uniq_aizul, uniq_kirke
Snake:4:  minmay_snake_end_coiled, layout_onion_interference, minmay_shoptagon,
          uniq_vashnia
Orc:1:    layout_caves, basic_altar
Orc:2:    grunt_orc_cross, layout_diamond_mine, basic_altar
Elf:1:    eino_elf_arrival_the_gate, layout_gridlike,
          hangedman_elven_crosses_minicolossus, uniq_louise
Elf:2:    nicolae_elf_blades_crystal_corner, layout_geoelf_grid
Elf:3:    elf_hall, layout_geoelf_castle
Vaults:1: gammafunk_ghost_smash, hangedman_vaults_variations, st_cells,
          hangedman_vaults_locks, nicolae_vaults_rhombus_6,
          nicolae_vaults_two_Ls, v_misc_26, hangedman_vaults_maws,
          hangedman_vaults_trim, layout_vaults_big_room,
          nicolae_trove_entry_crossroad
Vaults:2: nicolae_vaults_wrenched, hangedman_vaults_capsules,
          minmay_crypt_entry_simple_round, v_misc_9, ontoclasm_vaults_bender,
          hangedman_vaults_river_flow, nicolae_vaults_diamond_2, v_misc_18,
          nicolae_vaults_off_center_swirl, hangedman_vaults_restitches,
          nicolae_vaults_storage_room_doors, vaults_room_door_ring, v_misc_16,
          layout_vaults_omnibox
Vaults:3: v_alt_pattern_2, ontoclasm_vaults_ring_small,
          nicolae_vaults_little_squares_4, nicolae_vaults_corpse_flower,
          v_alt_pattern_4, nicolae_vaults_turnstiles, ontoclasm_vaults_hangar,
          ontoclasm_vaults_idyll, ontoclasm_vaults_eye, nicolae_vaults_house_1,
          ontoclasm_vaults_chip, nicolae_vaults_yaktaur_gun_rack,
          nicolae_vaults_house_3, nicolae_vaults_mini_display_case,
          ontoclasm_vaults_ligature, layout_vaults_omnicross, serial_shops,
          shop, uniq_mara
Vaults:4: v_misc_8, dpeg_vaults_monster_row, nicolae_vaults_closet_pinwheel_2,
          vaults_standard_mumra_x, nicolae_vaults_network_barrier,
          nicolae_vaults_apartment_1, v_rooms_4,
          nicolae_vaults_closet_pinwheel_3, grunt_vaults_focal,
          nicolae_vaults_statue_guard, nicolae_vaults_diamond_1,
          layout_vaults_ring, serial_shops, nicolae_shop_bloodbath_and_beyond
Vaults:5: serial_shops
Depths:1: layout_cave_pools, hell_entry, kennysheep_generic_room_2
Depths:2: minmay_slanted_spiral_squares, layout_honeycomb, hex_tiny,
          ebering_ghost_disaster_area, hell_entry, pan_entry, abyss_entry,
          serial_shops, shop_scrolls, kennysheep_little_box,
          nicolae_square_shop, shop
Depths:3: kennysheep_oblong_rooms, layout_long_grid, enter_ziggurat_e,
          dreamdust_wishing_well, grunt_mini_vestibule, abyss_entry,
          serial_bayou_shore_b
Depths:4: grunt_zot_entry_bicorn, layout_gridlike, hell_entry,
          corexii_corridor_pit, hangedman_abyss_or_decor_stabs, uniq_parghit
Zot:1:    layout_concentric_octagons, lemuel_baited_zot_trap
Zot:2:    grunt_twist_and_shout, layout_concentric_octagons
Zot:3:    gammafunk_sealed_library, layout_twisted_circle,
          st_large_dragon_hoard_3
Zot:4:    kennysheep_bubbly, layout_concentric_octagons
Zot:5:    layout_gridlike, gammafunk_ghost_cemetery, grunt_ministairs_6

Notes
Turn   | Place    | Note
-------+----------+-------------------------------------------
     0 | D:1      | MackTheKnife the Draconian Fire Elementalist began the
                  | quest for the Orb.
     0 | D:1      | Reached XP level 1. HP: 14/14 MP: 3/3
     0 | D:1      | magus.rc [v1.9.6]
   215 | D:1      | Reached XP level 2. HP: 20/20 MP: 3/5
   572 | D:1      | Learned a level 2 spell: Scorch
   826 | D:1      | Reached skill level 2 in Stealth
   891 | D:1      | Reached XP level 3. HP: 26/26 MP: 3/6
  1194 | D:1      | Found a faded altar of an unknown god.
  1256 | D:1      | Prayed at the altar of an unknown god.
  1256 | D:1      | Became a worshipper of Lugonu the Unformed
  1256 | D:1      | Reached * piety under Lugonu
  1580 | D:2      | Found Xokhluluo's Assorted Antiques.
  1686 | D:2      | Bought a scroll labelled ZIATHR FIKKOWK for 23 gold pieces
  1686 | D:2      | Bought a scroll labelled ZIATHR FIKKOWK for 23 gold pieces
  1686 | D:2      | Bought a silvery potion for 20 gold pieces
  1737 | D:2      | You pick up a book of Blood and begin reading...
  1737 | D:2      | You add the spells Sublimation of Blood, Wereblood and
                  | Summon Hydra to your library.
  1989 | D:2      | Reached skill level 4 in Fire Magic
  2077 | D:2      | Reached XP level 4. HP: 33/33 MP: 3/8
  2342 | D:2      | You pick up a book of Frost and begin reading...
  2342 | D:2      | You add the spells Freeze, Frozen Ramparts and Hailstorm to
                  | your library.
  2696 | D:3      | Found a glowing silver altar of Zin.
  3491 | D:3      | Reached skill level 3 in Spellcasting
  3875 | D:4      | Reached ** piety under Lugonu
  3879 | D:4      | Noticed a lemure
  3880 | D:4      | Reached skill level 5 in Fire Magic
  3880 | D:4      | Reached XP level 5. HP: 38/38 MP: 2/9
  4216 | D:4      | Found a blossoming altar of Fedhas.
  4259 | D:4      | Noticed Pikel
  4275 | D:4      | Killed a lemure
  4349 | D:4      | Noticed a lemure
  4351 | D:4      | Noticed a lemure
  4353 | D:4      | Noticed a lemure
  4368 | D:3      | Killed a lemure
  4420 | D:4      | Reached skill level 2 in Dodging
  4438 | D:4      | Noticed an ice beast
  4447 | D:4      | Killed an ice beast
  4448 | D:4      | Reached skill level 2 in Fighting
  4448 | D:4      | Reached XP level 6. HP: 48/48 MP: 9/10
  4796 | D:4      | Reached skill level 3 in Dodging
  4925 | D:4      | You pick up a book of Displacement and begin reading...
  4925 | D:4      | You add the spells Lesser Beckoning, Gell's Gravitas and
                  | Teleport Other to your library.
  4951 | D:4      | Killed Pikel
  4952 | D:4      | Reached skill level 5 in Fighting
  4952 | D:4      | Reached skill level 4 in Dodging
  4952 | D:4      | Your scales start taking on a pale cyan-grey colour.
  4952 | D:4      | Reached XP level 7. HP: 52/61 MP: 7/11
  4952 | D:4      | Gained mutation: You are immune to the effects of steam.
                  | [Pale Draconian growth]
  5131 | D:4      | magus.rc [v1.9.6]
  5141 | D:4      | Found a shadowy altar of Dithmenos.
  5238 | D:4      | Found a runed translucent door.
  5239 | D:4      | Noticed Crazy Yiuf
  5436 | D:5      | Entered Level 5 of the Dungeon
  5550 | D:5      | Reached skill level 5 in Dodging
  5651 | D:5      | Noticed Menkaure
  5654 | D:5      | Killed Menkaure
  5655 | D:5      | Reached skill level 2 in Invocations
  5686 | D:5      | Noticed Duvessa
  5771 | D:5      | You pick up a book of Fire and begin reading...
  5771 | D:5      | You add the spells Plasma Beam and Starburst to your
                  | library.
  5797 | D:5      | Reached skill level 3 in Invocations
  5797 | D:5      | Reached XP level 8. HP: 60/68 MP: 12/12
  6083 | D:5      | Reached skill level 4 in Invocations
  6141 | D:5      | Reached skill level 5 in Invocations
  6303 | D:5      | Identified the +8 flail of Valiance {pain, Fly Str-3 Dex+10
                  | Stlth+}
  6328 | D:5      | Found a glowing golden altar of the Shining One.
  6328 | D:5      | Found an iron altar of Okawaru.
  6328 | D:5      | Found a shimmering altar of Xom.
  6328 | D:5      | Noticed Grinder
  6329 | D:5      | Found a white marble altar of Elyvilon.
  6329 | D:5      | Found a burning altar of Makhleb.
  6329 | D:5      | Found a hide-covered altar of Uskayaw.
  6342 | D:5      | Killed Grinder
  6343 | D:5      | Reached skill level 3 in Maces & Flails
  6500 | D:5      | Found a sacrificial altar of Ru.
  6720 | D:5      | Noticed Dowan
  6887 | D:6      | Reached skill level 4 in Maces & Flails
  7018 | D:6      | Reached *** piety under Lugonu
  7275 | D:6      | Reached skill level 5 in Maces & Flails
  7318 | D:6      | Reached skill level 6 in Maces & Flails
  7318 | D:6      | Reached XP level 9. HP: 70/74 MP: 13/13
  7586 | D:6      | Reached skill level 7 in Maces & Flails
  7764 | D:6      | You pick up a book of Geomancy and begin reading...
  7764 | D:6      | You add the spells Sandblast, Passwall, Stone Arrow and
                  | Brom's Barrelling Boulder to your library.
  7791 | D:6      | Found a sparkling altar of Nemelex Xobeh.
  8052 | D:6      | You add the spells Blink and Manifold Assault to your
                  | library.
  8251 | D:7      | You are sucked into a shaft and drop 3 floors!
  8251 | D:10     | Entered Level 10 of the Dungeon
  8275 | D:10     | Noticed a troll
  8289 | D:10     | Found an ornate altar of the Wu Jian Council.
  8301 | D:10     | Noticed a gargoyle
  8367 | D:9      | Reached skill level 8 in Maces & Flails
  8436 | D:9      | Noticed a two-headed ogre
  8466 | D:9      | Noticed a two-headed ogre
  8563 | D:9      | Reached skill level 6 in Fighting
  8579 | D:9      | Reached skill level 6 in Dodging
  8603 | D:9      | HP: 12/78 [orc priest/divine providence (11)]
  8800 | D:9      | Noticed a walking crystal tome
  8801 | D:9      | Found Ahywkel's Book Shop.
  8801 | D:9      | Noticed a walking frostbound tome
  8847 | D:9      | Found a stormy altar of Qazlal.
  8851 | D:9      | Found a snail-covered altar of Cheibriados.
  8871 | D:9      | Reached skill level 7 in Fighting
  8891 | D:9      | Killed a two-headed ogre
  8892 | D:9      | Reached XP level 10. HP: 56/86 MP: 13/14
  8993 | D:9      | Killed a two-headed ogre
  8994 | D:9      | Reached skill level 8 in Fighting
  8994 | D:9      | Reached skill level 7 in Dodging
  9034 | D:9      | Found a hazy altar of Hepliaklqana.
  9139 | D:8      | Reached skill level 8 in Dodging
  9139 | D:8      | Reached skill level 2 in Conjurations
  9188 | D:8      | Reached **** piety under Lugonu
  9293 | D:8      | Reached skill level 6 in Invocations
  9514 | D:8      | Found Fopticw's Assorted Antiques.
  9526 | D:8      | Reached skill level 6 in Fire Magic
  9557 | D:8      | Bought a fuming purple potion for 23 gold pieces
  9557 | D:8      | Bought a fizzy dark potion for 23 gold pieces
  9557 | D:8      | Bought an iron wand for 104 gold pieces
  9743 | D:8      | Reached skill level 1 in Evocations
  9757 | D:8      | Found a basalt altar of Yredelemnul.
  9769 | D:8      | Reached skill level 2 in Evocations
  9865 | D:8      | Reached skill level 3 in Evocations
 10028 | D:8      | Found a shimmering blue altar of Sif Muna.
 10046 | D:8      | Found an ancient bone altar of Kikubaaqudgha.
 10065 | D:8      | Found a radiant altar of Vehumet.
 10113 | D:8      | Got a curling book
 10190 | D:8      | Reached skill level 4 in Evocations
 10328 | D:7      | Found a staircase to the Ecumenical Temple.
 11192 | D:7      | You pick up a book of Scorching and begin reading...
 11662 | D:9      | Found a broken altar of Ashenzari.
 11828 | D:9      | Found a staircase to the Lair.
 12145 | D:10     | Reached XP level 11. HP: 78/95 MP: 3/15
 12326 | D:9      | Reached skill level 9 in Fighting
 12755 | D:10     | Noticed Psyche
 12758 | D:10     | Killed Psyche
 12759 | D:10     | Reached skill level 9 in Dodging
 13094 | D:10     | Found a bloodstained altar of Trog.
 13220 | Lair:1   | Entered Level 1 of the Lair of Beasts
 13469 | D:2      | Bought a glowing cloak for 172 gold pieces
 13624 | Lair:1   | magus.rc [v1.9.6]
 13919 | Lair:1   | Reached skill level 10 in Fighting
 14455 | Lair:1   | Noticed Jeremiah
 14466 | Lair:1   | Killed Jeremiah
 14582 | Lair:1   | Reached skill level 10 in Dodging
 14590 | Lair:1   | Reached ***** piety under Lugonu
 15216 | Lair:2   | Reached skill level 11 in Fighting
 15767 | Lair:2   | Reached skill level 11 in Dodging
 15789 | Lair:2   | Reached XP level 12. HP: 82/110 MP: 17/17
 15891 | Lair:2   | Reached skill level 7 in Invocations
 16065 | Lair:2   | Noticed a catoblepas
 16092 | Lair:2   | Killed a catoblepas
 16262 | Lair:2   | You pick up a book of the Moon and begin reading...
 16262 | Lair:2   | You add the spells Passage of Golubria, Silence and
                  | Lehudib's Crystal Spear to your library.
 16298 | Lair:2   | Reached skill level 8 in Invocations
 16375 | Lair:2   | Identified a scroll of acquirement
 16375 | Lair:2   | Acquired the scarf of Zumuph {rC+ rF+, rN+ Str+4}
 16461 | Lair:2   | Noticed an eight-headed hydra
 16462 | Lair:2   | Noticed Maggie
 16668 | Lair:2   | Killed Maggie
 16669 | Lair:2   | Reached skill level 9 in Invocations
 16697 | Lair:2   | Killed an eight-headed hydra
 17050 | Lair:2   | Reached skill level 10 in Invocations
 17144 | Lair:3   | Found a gate leading to a gauntlet.
 17155 | Gauntlet | Entered a Gauntlet
 17155 | Gauntlet | Noticed a reaper
 17155 | Gauntlet | Found a large runed translucent door.
 17155 | Gauntlet | Found a large runed translucent door.
 17155 | Gauntlet | Found a large runed translucent door.
 17155 | Gauntlet | Found a large runed translucent door.
 17155 | Gauntlet | Found a large runed translucent door.
 17155 | Gauntlet | Found a large runed translucent door.
 17155 | Gauntlet | Found a large runed translucent door.
 17155 | Gauntlet | Found a large runed translucent door.
 17155 | Gauntlet | Found a runed translucent door.
 17155 | Gauntlet | Found a runed translucent gate.
 17155 | Gauntlet | Found a transporter.
 17155 | Gauntlet | Found a transporter.
 17155 | Gauntlet | Found a runed translucent gate.
 17155 | Gauntlet | Found a transporter.
 17156 | Gauntlet | Found a transporter.
 17159 | Gauntlet | Found a transporter.
 17163 | Gauntlet | Found a runed translucent gate.
 17163 | Gauntlet | Found a runed translucent door.
 17171 | Gauntlet | Found a transporter.
 17171 | Gauntlet | Noticed a great orb of eyes
 17180 | Gauntlet | Found a transporter.
 17183 | Gauntlet | Noticed a minotaur
 17206 | Gauntlet | Found a large runed translucent door.
 17206 | Gauntlet | Found a large runed translucent door.
 17207 | Gauntlet | Found a large runed translucent door.
 17208 | Gauntlet | Found a large runed translucent door.
 17209 | Gauntlet | Found a large runed translucent door.
 17209 | Gauntlet | Found a large runed translucent door.
 17210 | Gauntlet | Found a large runed translucent door.
 17211 | Gauntlet | Found a large runed translucent door.
 17240 | Gauntlet | Found a transporter.
 17252 | Gauntlet | Found a transporter.
 17266 | Gauntlet | Found a transporter.
 17276 | Gauntlet | Found a transporter.
 17291 | Gauntlet | Found a transporter.
 17390 | Gauntlet | Learned a level 4 spell: Passage of Golubria
 17395 | Gauntlet | Learned a level 2 spell: Blink
 17424 | Gauntlet | Identified the +1 pair of boots of Derecehor {+Inv rElec
                  | rC+}
 17539 | Gauntlet | Killed a minotaur
 17544 | Gauntlet | Identified the ring of Xaschi {Will+ Str+5}
 17545 | Gauntlet | You pick up a book of Cantrips and begin reading...
 17545 | Gauntlet | You add the spells Necrotise, Summon Small Mammal and
                  | Apportation to your library.
 17729 | Lair:3   | Reached skill level 4 in Spellcasting
 17784 | Lair:3   | Reached skill level 5 in Spellcasting
 17986 | Lair:3   | magus.rc [v1.9.6]
 18141 | Lair:3   | Reached skill level 6 in Spellcasting
 18264 | Lair:3   | Reached skill level 7 in Spellcasting
 18561 | Lair:3   | Reached skill level 8 in Spellcasting
 18565 | Lair:3   | Reached skill level 1 in Translocations
 18684 | Lair:3   | Reached XP level 13. HP: 111/116 MP: 22/25
 18733 | Lair:3   | Found a staircase to the Snake Pit.
 18745 | Lair:3   | Reached skill level 2 in Translocations
 18808 | Lair:3   | Reached skill level 3 in Translocations
 19256 | Lair:3   | Found a staircase to the Shoals.
 19279 | Lair:3   | Reached skill level 4 in Translocations
 19656 | Lair:4   | Reached skill level 5 in Translocations
 19906 | Lair:4   | Found a staircase to the Slime Pits.
 20270 | Lair:4   | Reached skill level 11 in Invocations
 20504 | Lair:4   | Acquired 1028 gold pieces
 21238 | Lair:5   | Entered Level 5 of the Lair of Beasts
 21277 | Lair:4   | Reached skill level 12 in Invocations
 21320 | Lair:4   | HP: 29/116 [poisoned by a cane toad]
 21325 | Lair:4   | HP: 25/116 [poisoned by a cane toad]
 21648 | Lair:5   | Reached skill level 5 in Evocations
 21840 | Lair:5   | Reached skill level 6 in Evocations
 22054 | Lair:5   | Reached skill level 7 in Evocations
 22376 | Lair:5   | Reached skill level 8 in Evocations
 22792 | Lair:4   | Reached skill level 9 in Maces & Flails
 23123 | Lair:5   | Reached XP level 14. HP: 63/124 MP: 17/26
 23555 | Lair:5   | Reached skill level 10 in Maces & Flails
 24260 | Lair:4   | Reached skill level 11 in Maces & Flails
 24406 | Lair:5   | Reached ****** piety under Lugonu
 24739 | Lair:5   | Reached skill level 12 in Maces & Flails
 24985 | Lair:5   | Found the ring of the Octopus King
 24994 | Lair:5   | Identified a ring of the Octopus King {HP+2 AC+2 EV+2 SH+2
                  | SInv}
 25690 | D:11     | You pick up a book of Armaments and begin reading...
 26430 | D:12     | Noticed Jorgrun
 26453 | D:12     | Found a staircase to the Orcish Mines.
 26466 | Orc:1    | Entered Level 1 of the Orcish Mines
 27079 | Orc:2    | Entered Level 2 of the Orcish Mines
 27270 | Orc:2    | Reached skill level 12 in Fighting
 27377 | Orc:2    | Reached skill level 12 in Dodging
 27484 | Orc:2    | Corrupted Orc:2
 27484 | Orc:2    | Noticed a cyan very ugly thing
 27485 | Orc:2    | Noticed a green very ugly thing
 27486 | Orc:2    | Noticed a tentacled starspawn
 27491 | Orc:2    | Noticed Urug
 27496 | Orc:2    | Killed Urug
 27517 | Orc:2    | Killed an orc warlord
 27533 | Orc:2    | Found Axyocwod's Antique Armour Shop.
 27538 | Orc:2    | Found Guhosey's Antique Weapon Shop.
 27557 | Orc:2    | Found Heungu's General Store.
 27564 | Orc:2    | Bought a scroll of identify for 28 gold pieces
 27575 | Orc:2    | Found Jutsigu's Book Shop.
 27598 | Orc:2    | Bought a dazzling cloak for 218 gold pieces
 27598 | Orc:2    | Identified the +0 cloak of Geno {Will+} (You bought it in a
                  | shop on level 2 of the Orcish Mines)
 27601 | Orc:2    | Bought a pair of embroidered gloves for 172 gold pieces
 27632 | Orc:2    | Bought a buckler for 103 gold pieces
 27764 | Orc:2    | Found a staircase to the Elven Halls.
 28133 | Orc:2    | Reached skill level 1 in Shields
 28482 | D:12     | Reached skill level 2 in Shields
 28567 | D:12     | Reached skill level 3 in Shields
 29235 | D:12     | Reached skill level 4 in Shields
 29560 | D:12     | Reached XP level 15. HP: 111/132 MP: 21/27
 29651 | D:12     | Reached skill level 5 in Shields
 30119 | D:12     | Reached skill level 3 in Conjurations
 30466 | D:12     | Reached skill level 7 in Fire Magic
 30610 | D:12     | Reached skill level 4 in Conjurations
 30707 | D:13     | magus.rc [v1.9.6]
 31373 | D:13     | Reached skill level 5 in Conjurations
 31568 | D:13     | Reached skill level 8 in Fire Magic
 32198 | D:14     | Found a runed translucent gate.
 32199 | D:14     | Found a runed translucent gate.
 32200 | D:14     | Found a runed translucent gate.
 32201 | D:14     | Noticed Ycoch's ghost (journeyman SpBr)
 32571 | D:14     | Reached skill level 6 in Conjurations
 32601 | D:14     | Reached skill level 9 in Fire Magic
 32763 | D:14     | You pick up a book of Conjurations {@e2} and begin
                  | reading...
 32763 | D:14     | You add the spells Searing Ray and Fulminant Prism to your
                  | library.
 32785 | D:14     | Identified the amulet of the Raven {Reflect rF+ SH+5}
 32926 | D:14     | Reached skill level 7 in Conjurations
 33432 | D:14     | You pick up a book of Storms and begin reading...
 33432 | D:14     | You add the spells Static Discharge, Airstrike and Summon
                  | Lightning Spire to your library.
 33517 | D:14     | Reached skill level 10 in Fire Magic
 33942 | D:14     | Found a gate to the Vaults.
 34188 | D:14     | Learned a level 6 spell: Starburst
 34191 | D:15     | Entered Level 15 of the Dungeon
 34363 | D:15     | Reached skill level 8 in Conjurations
 34576 | D:15     | Found a staircase to the Depths.
 34692 | D:15     | Reached skill level 9 in Conjurations
 35261 | Lair:1   | magus.rc [v1.9.6]
 35315 | Snake:1  | Entered Level 1 of the Snake Pit
 35369 | Snake:1  | Reached XP level 16. HP: 139/139 MP: 9/28
 35504 | Snake:1  | Found a runed translucent door.
 35507 | Snake:1  | Noticed Xavier147's ghost (journeyman GrHu)
 35533 | Snake:1  | magus.rc [v1.9.6]
 35999 | Snake:1  | Found Wuanaz's Distillery.
 36010 | Snake:1  | Bought 2 potions of heal wounds for 160 gold pieces
 36010 | Snake:1  | Bought 2 potions of heal wounds for 160 gold pieces
 36010 | Snake:1  | Bought a potion of haste for 160 gold pieces
 36010 | Snake:1  | Bought a potion of mutation for 128 gold pieces
 36328 | Snake:1  | Found Caxtuck's Magic Scroll Boutique.
 36339 | Snake:1  | Bought a scroll of blinking for 135 gold pieces
 36339 | Snake:1  | Bought a scroll of teleportation for 54 gold pieces
 36339 | Snake:1  | Bought a scroll of teleportation for 54 gold pieces
 36339 | Snake:1  | Bought 2 scrolls of revelation for 270 gold pieces
 36380 | Snake:1  | Found Qaax's Jewellery Emporium.
 36383 | Snake:1  | Found Gompihoc's Weapon Shoppe.
 36385 | Snake:1  | Found Eridit's Armour Emporium.
 36609 | Snake:1  | Found Rikke's General Store.
 36931 | Snake:1  | Found Goduq's Jewellery Shop.
 36940 | Snake:1  | Bought the ring "Okkenisu" {Will+ EV+5 Str+2} for 1003 gold
                  | pieces
 37469 | Snake:2  | Reached skill level 11 in Fire Magic
 37651 | Snake:2  | Reached skill level 9 in Spellcasting
 37947 | Snake:2  | Identified the +9 war axe "Bouxuihu" {flame, rN+ SInv}
 39407 | Snake:3  | You pick up a book of the Hunter and begin reading...
 39407 | Snake:3  | You add the spells Sigil of Binding, Call Canine Familiar,
                  | Dimensional Bullseye and Leda's Liquefaction to your
                  | library.
 39441 | Snake:3  | Reached skill level 12 in Fire Magic
 39639 | Snake:3  | Reached skill level 10 in Spellcasting
 40399 | Snake:3  | Reached skill level 13 in Fire Magic
 41313 | Snake:3  | Noticed Kirke
 41323 | Snake:3  | Killed Kirke
 41324 | Snake:3  | Reached skill level 14 in Fire Magic
 41609 | Snake:3  | Noticed Aizul
 41623 | Snake:3  | Killed Aizul
 41858 | Snake:3  | Noticed Asterion
 41871 | Snake:3  | Killed Asterion
 42132 | Snake:3  | Reached skill level 9 in Evocations
 42474 | Snake:3  | Reached XP level 17. HP: 146/146 MP: 7/31
 42893 | Snake:3  | Learned a level 6 spell: Plasma Beam
 42925 | Snake:4  | Entered Level 4 of the Snake Pit
 42925 | Snake:4  | Noticed Vashnia
 43053 | Snake:3  | Reached skill level 1 in Air Magic
 43311 | Snake:3  | Reached skill level 2 in Air Magic
 43377 | Snake:3  | Reached skill level 10 in Evocations
 43479 | Snake:4  | Reached skill level 3 in Air Magic
 43638 | Snake:3  | Reached skill level 4 in Air Magic
 43916 | Snake:3  | Reached skill level 5 in Air Magic
 44354 | Snake:3  | Reached skill level 6 in Air Magic
 44710 | Snake:4  | Killed Vashnia
 44711 | Snake:4  | Reached skill level 7 in Air Magic
 45065 | Snake:4  | You pick up a book of Fire and begin reading...
 45421 | Snake:4  | Found Guoffyag's Armour Shoppe.
 45421 | Snake:4  | Found Senwagi's Jewellery Emporium.
 45501 | Snake:4  | Reached skill level 8 in Air Magic
 46416 | Snake:4  | Reached skill level 9 in Air Magic
 47120 | Snake:4  | Reached skill level 10 in Air Magic
 47196 | Snake:4  | Learned a level 4 spell: Summon Lightning Spire
 47592 | Snake:4  | Got a serpentine rune of Zot
 47849 | Lair:3   | magus.rc [v1.9.6]
 47892 | Shoals:1 | Entered Level 1 of the Shoals
 47969 | Shoals:1 | Found Gileodgh's General Store.
 48052 | Shoals:1 | Reached skill level 1 in Summonings
 48154 | Shoals:1 | You pick up a book of Debilitation and begin reading...
 48154 | Shoals:1 | You add the spells Slow, Vampiric Draining and Confusing
                  | Touch to your library.
 48233 | Shoals:1 | Reached skill level 2 in Summonings
 49477 | Shoals:2 | Reached skill level 11 in Air Magic
 49541 | Shoals:2 | Reached skill level 3 in Summonings
 50101 | Shoals:2 | Reached XP level 18. HP: 154/154 MP: 2/32
 50469 | Shoals:2 | Reached skill level 15 in Fire Magic
 50866 | Shoals:1 | Bought a scroll of acquirement for 676 gold pieces
 50872 | Shoals:1 | Acquired 1224 gold pieces
 50874 | Shoals:1 | magus.rc [v1.9.6]
 51188 | Shoals:3 | Reached skill level 12 in Air Magic
 51630 | Shoals:3 | Identified the +1 trident of Fausodin {elec, Contam rPois
                  | rC+ Will+++}
 52433 | Shoals:4 | Entered Level 4 of the Shoals
 52449 | Shoals:4 | Found a frozen archway.
 52454 | IceCv    | Entered an ice cave
 52464 | IceCv    | Found a transporter.
 52485 | IceCv    | Found a transporter.
 52813 | D:9      | Bought a book of Decay for 390 gold pieces
 52813 | D:9      | You pick up a book of Decay and begin reading...
 52813 | D:9      | You add the spells Cigotuvi's Dreadful Rot, Dispel Undead
                  | and Death Channel to your library.
 52820 | D:9      | Learned a level 6 spell: Death Channel
 53623 | Shoals:4 | You pick up a book of the Warp and begin reading...
 53623 | Shoals:4 | You add the spells Dispersal and Disjunction to your
                  | library.
 53696 | Shoals:4 | Reached skill level 13 in Fighting
 54090 | Shoals:4 | Reached skill level 13 in Dodging
 54227 | Shoals:4 | Reached skill level 1 in Necromancy
 54289 | Shoals:4 | Reached skill level 2 in Necromancy
 54294 | Shoals:4 | Reached skill level 3 in Necromancy
 54404 | Shoals:4 | Reached skill level 4 in Necromancy
 54428 | Shoals:4 | Reached skill level 5 in Necromancy
 54592 | Shoals:4 | Identified the +4 morningstar of Fusolem {freeze, rF- rN+
                  | Stlth+}
 54702 | Shoals:4 | Reached skill level 6 in Necromancy
 55122 | Shoals:4 | Reached skill level 7 in Necromancy
 55137 | Shoals:4 | Reached skill level 8 in Necromancy
 55152 | Shoals:4 | Got a barnacled rune of Zot
 55837 | Vaults:1 | Entered Level 1 of the Vaults
 55853 | Vaults:1 | Reached skill level 9 in Necromancy
 55943 | Vaults:1 | Reached skill level 10 in Necromancy
 56468 | Vaults:1 | Reached skill level 11 in Necromancy
 56845 | Vaults:1 | Reached skill level 12 in Necromancy
 57074 | Vaults:1 | Found a portal to a secret trove of treasure.
 57083 | Trove    | Entered a treasure trove
 57086 | Trove    | Found the +8 longbow "Zephyr" {speed, Dex+3 SInv}
 57091 | Trove    | Identified the +6 quick blade of Fury {distort, rF+ rN+}
 57098 | Trove    | Identified the +1 trident of Wehiraxu {heavy, rN+ MP+9
                  | SInv}
 57102 | Trove    | Identified the +7 flail of Unpleasantness {flame, rF- rC+
                  | rN+ Stlth+}
 57193 | Vaults:1 | Reached skill level 13 in Necromancy
 57196 | Vaults:1 | Reached XP level 19. HP: 163/163 MP: 26/33
 57410 | Vaults:1 | Reached skill level 14 in Necromancy
 57684 | Vaults:1 | You are sucked into a shaft and drop 1 floor!
 58369 | Vaults:2 | Identified the +1 arbalest of the Telling Fox {penet,
                  | +Blink rElec}
 58833 | Vaults:2 | Reached skill level 14 in Fighting
 58988 | Vaults:2 | Reached skill level 13 in Maces & Flails
 59129 | Vaults:2 | Found a staircase to the Crypt.
 59799 | Vaults:1 | Found a transporter.
 59799 | Vaults:1 | Noticed Qotsoore's ghost (adept DsFi)
 59804 | Vaults:1 | Found a transporter.
 59805 | Vaults:1 | Identified the +5 great mace of Hell's Wrath {antimagic,
                  | rElec Will+}
 59919 | Vaults:1 | Reached skill level 14 in Dodging
 59949 | Vaults:1 | Paralysed by a formless jellyfish for 1 turns
 60338 | Vaults:1 | magus.rc [v1.9.6]
 60518 | Vaults:3 | Found Poliqop's Antique Weapon Emporium.
 61032 | Vaults:3 | Reached skill level 14 in Maces & Flails
 61032 | Vaults:3 | Reached skill level 10 in Conjurations
 61325 | Vaults:3 | Reached skill level 11 in Evocations
 61461 | Vaults:3 | Reached XP level 20. HP: 174/174 MP: 8/34
 61815 | Vaults:3 | Reached skill level 12 in Evocations
 61961 | Vaults:3 | Reached skill level 3 in Stealth
 62094 | Vaults:3 | Noticed Mara
 62095 | Vaults:3 | magus.rc [v1.9.6]
 62178 | Vaults:3 | Reached skill level 4 in Stealth
 62457 | Vaults:3 | Reached skill level 5 in Stealth
 62800 | Vaults:3 | Noticed MackTheKnife's illusion
 62917 | Vaults:4 | Reached skill level 6 in Stealth
 63113 | Vaults:4 | Reached skill level 6 in Shields
 63464 | Vaults:4 | Reached skill level 7 in Shields
 63566 | Vaults:4 | You pick up a book of the Tundra and begin reading...
 63566 | Vaults:4 | You add the spells Summon Ice Beast and Simulacrum to your
                  | library.
 63928 | Vaults:4 | Reached skill level 8 in Shields
 63934 | Vaults:4 | Reached skill level 1 in Earth Magic
 64034 | Vaults:4 | Reached skill level 2 in Earth Magic
 64081 | Vaults:4 | Reached skill level 3 in Earth Magic
 64244 | Vaults:4 | Reached skill level 4 in Earth Magic
 64252 | Vaults:4 | Found Jeasaf's Weapon Boutique.
 64345 | Vaults:4 | Reached skill level 5 in Earth Magic
 64555 | Vaults:4 | Reached skill level 6 in Earth Magic
 65197 | Orc:2    | Bought Great Wizards, Vol. II for 608 gold pieces
 65197 | Orc:2    | You add the spells Alistair's Intoxication, Borgnjor's Vile
                  | Clutch and Eringya's Noxious Bog to your library.
 65203 | Orc:2    | Learned a level 5 spell: Borgnjor's Vile Clutch
 65227 | Elf:1    | Entered Level 1 of the Elven Halls
 65228 | Elf:1    | magus.rc [v1.9.6]
 65389 | Elf:1    | Reached skill level 6 in Translocations
 65650 | Elf:1    | Reached skill level 7 in Earth Magic
 65694 | Elf:1    | Noticed Louise
 65711 | Elf:1    | Killed Louise
 66040 | Elf:1    | Reached XP level 21. HP: 180/182 MP: 35/35
 67476 | Elf:2    | Found a runed translucent gate.
 67477 | Elf:2    | Found a runed translucent gate.
 67477 | Elf:2    | Found a runed translucent gate.
 67521 | Elf:2    | Reached skill level 15 in Fighting
 67895 | Elf:2    | You pick up a book of the Tundra and begin reading...
 68066 | Elf:3    | Entered Level 3 of the Elven Halls
 68107 | Elf:3    | Reached skill level 15 in Dodging
 69202 | Elf:3    | Reached skill level 9 in Shields
 69394 | Elf:3    | Reached skill level 10 in Shields
 69442 | Elf:3    | Reached skill level 11 in Spellcasting
 69787 | Elf:3    | You pick up a book of Annihilations and begin reading...
 69787 | Elf:3    | You add the spells Chain Lightning, Fire Storm and Shatter
                  | to your library.
 69807 | Elf:3    | You add the spells Malign Gateway and Summon Horrible
                  | Things to your library.
 69894 | Elf:3    | Identified the +5 flail "Gasof" {drain, Int+2}
 69919 | Elf:3    | Identified the +2 short sword "Heggaom" {protect, Will+
                  | SInv}
 69922 | Elf:3    | Identified the +2 pair of gloves "Cyreyshed" {SInv}
 69940 | Elf:3    | Identified the ring "Ejugg" {Fly Dex+6}
 69953 | Elf:3    | You pick up a book of Iron and begin reading...
 69955 | Elf:3    | Identified the staff "Noibiet" {rC+ Str+3 Dex+3 Ice}
 69995 | Elf:3    | You pick up a book of Dangerous Friends and begin
                  | reading...
 69995 | Elf:3    | You add the spells Summon Guardian Golem, Orb of
                  | Destruction and Spellforged Servitor to your library.
 70825 | Snake:1  | Killed Xavier147's ghost
 70876 | Snake:1  | Bought a scroll of enchant armour for 90 gold pieces
 70876 | Snake:1  | Bought a potion of brilliance for 48 gold pieces
 70991 | Shoals:1 | Bought a scroll of enchant armour for 97 gold pieces
 71219 | Depths:1 | Entered Level 1 of the Depths
 71453 | Depths:1 | Reached skill level 12 in Spellcasting
 71752 | Depths:1 | Reached skill level 11 in Shields
 71997 | Depths:1 | You pick up a book of Weapons and begin reading...
 71997 | Depths:1 | You add the spells Tukima's Dance and Iskenderun's Mystic
                  | Blast to your library.
 72006 | Depths:1 | Found a gateway to Hell.
 72677 | Depths:1 | You pick up a book of Frost and begin reading...
 72815 | Depths:2 | Found Orchil's Magic Scroll Shoppe.
 72832 | Depths:2 | Reached skill level 12 in Shields
 72833 | Depths:2 | Bought a scroll of blinking for 150 gold pieces
 72833 | Depths:2 | Bought a scroll of revelation for 150 gold pieces
 72833 | Depths:2 | Bought a scroll of revelation for 150 gold pieces
 72861 | Depths:2 | Found a large runed translucent door.
 72861 | Depths:2 | Found a large runed translucent door.
 72864 | Depths:2 | Noticed Boysiah's ghost (adept DECA)
 72866 | Depths:2 | Found Kiemoage's Antique Armour Shop.
 72890 | Depths:2 | Reached XP level 22. HP: 192/192 MP: 28/38
 72910 | Depths:2 | Found a one-way gate to the infinite horrors of the Abyss.
 73192 | Depths:2 | Found Tysut's Magic Scroll Emporium.
 73200 | Depths:2 | Bought a scroll of fog for 80 gold pieces
 73200 | Depths:2 | Bought a scroll of fog for 80 gold pieces
 73219 | Depths:2 | Found Vuoroj's Assorted Antiques.
 73224 | Depths:2 | Bought a potion of curing for 141 gold pieces
 73736 | Depths:2 | Found a one-way gate leading to the halls of Pandemonium.
 73758 | Depths:2 | Reached skill level 13 in Shields
 74162 | Depths:2 | Paralysed by a floating eye for 3 turns
 74791 | Depths:3 | Reached skill level 14 in Shields
 75737 | Depths:3 | Reached skill level 13 in Invocations
 76077 | Depths:3 | Identified the +0 spear of Vyzytu {freeze, Fly rPois Str-4}
 76165 | Depths:3 | Found a one-way gateway to a ziggurat.
 76174 | Depths:3 | Identified the +1 war axe "Hell-Harrower" {drain, Drain rF+
                  | Will+}
 76394 | Depths:3 | Identified the +3 falchion "Aluqit" {venom, rF+ rN+}
 76818 | Depths:3 | Reached skill level 14 in Invocations
 77529 | Depths:4 | Entered Level 4 of the Depths
 77884 | Depths:4 | Reached skill level 15 in Invocations
 78032 | Depths:4 | Noticed a golden dragon
 78051 | Depths:4 | Killed a golden dragon
 78051 | Depths:4 | Identified +0 gold dragon scales
 78229 | Depths:4 | Noticed a golden dragon
 78374 | Depths:4 | +0 shadow dragon scales {rare}; a shadow dragon corpse
 78660 | Depths:4 | Found a gate to the Realm of Zot.
 79288 | Depths:4 | Noticed a golden dragon
 79301 | Depths:4 | Identified +6 gold dragon scales
 79301 | Depths:4 | Noticed Parghit
 79510 | Depths:4 | Killed a golden dragon
 79511 | Depths:4 | Reached skill level 16 in Invocations
 80068 | Depths:4 | Killed Parghit
 80152 | Depths:4 | 5 large rocks {=fthrowing}; +6 gold dragon scales {rare}
 80910 | Vaults:5 | Entered Level 5 of the Vaults
 80910 | Vaults:5 | Noticed an ancient lich
 80911 | Vaults:5 | Corrupted Vaults:5
 80919 | Vaults:5 | Reached XP level 23. HP: 152/200 MP: 18/39
 81194 | Vaults:5 | Killed an ancient lich
 81451 | Vaults:5 | Noticed a dread lich
 81451 | Vaults:5 | Found the +5 robe of Night {Dark Will+ SInv}
 81460 | Vaults:5 | Reached skill level 16 in Fighting
 81496 | Vaults:5 | Identified the +7 flail of Peril {flame, Will++ Dex-3}
 81503 | Vaults:5 | Reached skill level 16 in Dodging
 81630 | Vaults:5 | You add the spells Olgreb's Toxic Radiance, Ignition and
                  | Discord to your library.
 81636 | Vaults:5 | Identified the +1 robe of Disaster {rElec SInv Stlth+}
 81657 | Vaults:5 | Noticed an ancient lich
 81663 | Vaults:5 | Identified the +7 dire flail of the Screaming Shark {drain,
                  | Fly rF+ Dex-2}
 81668 | Vaults:5 | Killed an ancient lich
 81992 | Vaults:5 | Reached skill level 15 in Shields
 82071 | Vaults:5 | You add the spells Vhi's Electric Charge, Arcjolt and
                  | Maxwell's Capacitive Coupling to your library.
 82153 | Vaults:5 | Noticed a dread lich
 82173 | Vaults:5 | Killed a dread lich
 82543 | Vaults:5 | Reached skill level 11 in Conjurations
 82635 | Vaults:5 | Killed a dread lich
 82718 | Vaults:5 | Got a silver rune of Zot
 82922 | Vaults:5 | Reached skill level 12 in Conjurations
 83582 | Vaults:5 | +0 shadow dragon scales {rare}; a shadow dragon corpse
 84417 | Vaults:1 | Reached skill level 13 in Conjurations
 84442 | Vaults:1 | Killed Qotsoore's ghost
 84476 | Vaults:1 | Learned a level 7 spell: Orb of Destruction
 84785 | Zot:1    | Entered Level 1 of the Realm of Zot
 85026 | Zot:2    | Noticed a curse toe
 86079 | Zot:1    | Reached skill level 14 in Conjurations
 87048 | Zot:1    | Reached XP level 24. HP: 210/210 MP: 29/39
 87300 | Zot:1    | +0 storm dragon scales {rare}; a storm dragon corpse
 87357 | Zot:1    | Reached skill level 15 in Conjurations
 87533 | Zot:3    | Noticed a Killer Klown
 87619 | Zot:2    | Noticed an electric golem
 87627 | Zot:2    | Killed an electric golem
 88049 | Zot:3    | Killed a Killer Klown
 88050 | Zot:3    | Reached skill level 16 in Conjurations
 88365 | Zot:3    | Noticed an orb of fire
 88383 | Zot:2    | quicksilver dragon scales {rare}; a quicksilver dragon
                  | corpse
 89006 | Zot:3    | Reached skill level 17 in Invocations
 89036 | Zot:3    | +0 storm dragon scales {rare}; a storm dragon corpse
 89037 | Zot:3    | +0 storm dragon scales {rare}; a +0 hand axe {axe}; a storm
                  | dragon corpse
 89841 | Zot:5    | Entered Level 5 of the Realm of Zot
 89846 | Zot:5    | You pick up a book of Chaos and begin reading...
 89892 | Zot:5    | Noticed a curse toe
 89899 | Zot:5    | Killed a curse toe
 90096 | Zot:5    | Found a runed translucent gate.
 90096 | Zot:5    | Found a runed translucent gate.
 90464 | Zot:5    | Found a runed translucent gate.
 90465 | Zot:5    | Noticed Heoriaro's ghost (legendary GnFi)
 90465 | Zot:5    | Noticed Alep's ghost (legendary GnFE)
 90603 | Zot:5    | Reached skill level 18 in Invocations
 90871 | Zot:5    | quicksilver dragon scales {rare}; a quicksilver dragon
                  | corpse
 91321 | Zot:5    | magus.rc [v1.9.6]
 91375 | Zot:5    | Noticed an ancient lich
 91628 | Zot:5    | Killed an ancient lich
 91929 | Zot:5    | Noticed an orb of fire
 92011 | Zot:5    | Gained mutation: You are frail. (-10% HP) [an orb of fire]
 92015 | Zot:5    | Gained mutation: Your magical capacity is low. (-10% MP)
                  | [an orb of fire]
 92017 | Zot:5    | Gained mutation: You are occasionally teleported next to
                  | monsters. [an orb of fire]
 92018 | Zot:5    | Killed an orb of fire
 92062 | Zot:5    | Lost mutation: You are frail. (-10% HP) [potion of
                  | mutation]
 92062 | Zot:5    | Lost mutation: You are occasionally teleported next to
                  | monsters. [potion of mutation]
 92062 | Zot:5    | Gained mutation: You are clumsy. (Dex -2) [potion of
                  | mutation]
 92062 | Zot:5    | Gained mutation: You have sharp toenails. [potion of
                  | mutation]
 92062 | Zot:5    | Gained mutation: Your tail ends in a venomous barb. [potion
                  | of mutation]
 92067 | Zot:5    | Noticed a Killer Klown
 92237 | Zot:5    | Reached skill level 17 in Conjurations
 92243 | Zot:5    | Noticed an electric golem
 92293 | Zot:5    | Noticed a Killer Klown
 92298 | Zot:5    | Killed an electric golem
 92316 | Zot:5    | Killed a Killer Klown
 92477 | Zot:5    | Noticed a Killer Klown
 92481 | Zot:5    | Killed a Killer Klown
 92590 | Zot:5    | Noticed a Killer Klown
 92610 | Zot:5    | Noticed an orb of fire
 92614 | Zot:5    | Gained mutation: You are very clumsy. (Dex -4) [an orb of
                  | fire]
 92620 | Zot:5    | Killed an orb of fire
 92974 | Zot:5    | Killed a Killer Klown
 93166 | Zot:5    | Noticed a Killer Klown
 93237 | Zot:5    | Noticed an ancient lich
 93254 | Zot:5    | Killed a Killer Klown
 93255 | Zot:5    | Reached skill level 18 in Conjurations
 93284 | Zot:5    | Killed an ancient lich
 93449 | Zot:5    | Noticed a Killer Klown
 93459 | Zot:5    | a Killer Klown changed into an alligator snapping turtle
 93604 | Zot:5    | Noticed an orb of fire
 93607 | Zot:5    | Noticed an electric golem
 93617 | Zot:5    | Killed an orb of fire
 93625 | Zot:5    | Killed an electric golem
 93634 | Zot:5    | Killed a Killer Klown
 93635 | Zot:5    | Reached XP level 25. HP: 144/218 MP: 12/35
 93804 | Zot:5    | Reached skill level 17 in Fighting
 93834 | Zot:5    | Noticed an orb of fire
 93843 | Zot:5    | Gained mutation: You are frail. (-10% HP) [an orb of fire]
 93845 | Zot:5    | Noticed a Killer Klown
 93850 | Zot:5    | Noticed an orb of fire
 93857 | Zot:5    | Gained mutation: You do not regenerate when monsters are
                  | visible. [an orb of fire]
 93859 | Zot:5    | Killed an orb of fire
 93872 | Zot:5    | Gained mutation: Your magical capacity is very low. (-20%
                  | MP) [an orb of fire]
 93874 | Zot:5    | Killed a Killer Klown
 93888 | Zot:5    | Killed an orb of fire
 93896 | Zot:5    | Reached skill level 18 in Fighting
 94141 | Zot:5    | Lost mutation: You are very clumsy. (Dex -4) [potion of
                  | mutation]
 94141 | Zot:5    | Lost mutation: You have sharp toenails. [potion of
                  | mutation]
 94141 | Zot:5    | Gained mutation: You have a pair of small horns on your
                  | head. [potion of mutation]
 94142 | Zot:5    | Lost mutation: You do not regenerate when monsters are
                  | visible. [potion of mutation]
 94142 | Zot:5    | Lost mutation: Your tail ends in a venomous barb. [potion
                  | of mutation]
 94142 | Zot:5    | Lost mutation: Your magical capacity is very low. (-20% MP)
                  | [potion of mutation]
 94142 | Zot:5    | Gained mutation: Your spells are a little harder to cast,
                  | but a little more powerful. [potion of mutation]
 94195 | Zot:5    | Got the Orb of Zot
 94340 | Zot:2    | Noticed Kaongi the pandemonium lord
 94357 | Zot:1    | Noticed Goviff the pandemonium lord
 94486 | Depths:1 | Noticed Cinihas the pandemonium lord
 94816 | D:5      | Noticed Ototosse the pandemonium lord
 94917 | D:$      | Escaped with the Orb!

Vanquished Creatures
  2 dread liches (Vaults:5)
  4 ancient liches
  4 orbs of fire (Zot:5)
  6 Killer Klowns
  A curse toe (Zot:5)
  Vashnia (Snake:4)
  5 golden dragons
  A bone dragon (Depths:3)
  2 electric golems
  A walking earthen tome (Depths:3)
  4 tentacled monstrosities
  16 Orb Guardians
  2 deep elf blademasters (Elf:3)
  2 Ice Fiends (D:9)
  Asterion (Snake:3)
  2 deep elf master archers (Elf:3)
  A titan (Vaults:5)
  A lich (Depths:2)
  5 sphinxes
  4 quicksilver dragons
  7 death cobs
  6 shadow dragons
  5 tengu reavers
  Kirke (Snake:3)
  10 storm dragons
  4 draconian knights
  Aizul (Snake:3)
  5 nagarajas
  4 draconian monks
  4 draconian scorchers
  7 fire giants
  7 frost giants
  16 vault wardens
  5 deep elf sorcerers (Elf:3)
  3 iron dragons
  A deep elf elementalist (Elf:3)
  A ghost moth (Zot:3)
  5 draconian shifters
  A draconian stormcaller (Depths:4)
  The ghost of Xavier147 the Marksgargoyle, a journeyman GrHu of Nemelex Xobeh (Snake:1)
  3 draconian annihilators (Zot:2)
  7 very ugly things
  3 war gargoyles
  A spriggan defender (Depths:3)
  2 formless jellyfish
  17 ironbound preservers
  9 ironbound thunderhulks
  19 stone giants
  8 deep elf demonologists
  9 deep elf annihilators
  6 black draconians
  5 dire elephants
  11 green draconians
  3 vampire knights
  14 spark wasps
  9 purple draconians
  A minotaur (Gauntlet)
  5 white draconians
  5 red draconians
  5 yellow draconians
  7 deep elf death magi
  A crystal guardian (Vaults:3)
  14 ettins
  3 merfolk javelineers (Shoals:4)
  7 merfolk impalers
  8 yaktaur captains
  2 deep elf high priests (Elf:3)
  A fire dragon (Depths:1)
  4 great orbs of eyes
  An entropy weaver (Vaults:1)
  10 ice dragons
  2 rakshasas (Depths:2)
  3 hydras
  5 salamander tyrants
  4 merfolk aquamancers
  6 spriggan air magi
  4 peacekeepers
  2 caustic shrike simulacra (IceCv)
  22 vault guards
  A hell beast (Depths:3)
  14 centaur warriors
  An ogre mage (Vaults:5)
  An ice dragon (shapeshifter) (Vaults:5)
  10 anacondas
  10 ironbound frosthearts
  26 dancing weapons
  7 merfolk avatars
  3 death knights
  A catoblepas (Lair:2)
  5 alligator snapping turtles
  4 boulder beetles
  A satyr (Shoals:3)
  9 death yaks
  A hell hog (Depths:3)
  6 two-headed ogres
  8 deep troll earth magi
  8 deep troll shamans
  13 naga warriors
  2 orc high priests
  2 tengu warriors
  5 hell knights
  18 naga sharpshooters
  A sun demon (D:14)
  6 shock serpents
  5 spriggan berserkers
  20 deep elf knights
  4 skysharks
  8 skeletal warriors
  3 iron trolls
  8 salamander mystics
  A sixfirhy (D:2)
  9 sea snakes
  A spark wasp zombie (Depths:2)
  55 deep trolls
  3 glowing orange brains
  A golden dragon skeleton (Depths:2)
  An orange crystal statue (Zot:5)
  7 naga ritualists
  6 necromancers
  Pikel (D:4)
  23 deep elf zephyrmancers
  29 harpies
  20 ironbound convokers
  8 wizards
  3 orc knights
  3 deep elf archers
  5 phantasmal warriors
  9 mana vipers
  4 lindwurms
  19 manticores
  30 deep elf pyromancers
  A tengu skeleton (Vaults:3)
  11 cyclopes
  3 orc sorcerers
  15 fauns
  39 ugly things
  18 salamanders
  41 black mambas
  22 moths of wrath
  5 merfolk sirens
  8 elephants
  A black mamba (shapeshifter) (D:14)
  4 gargoyles
  3 guardian serpents
  11 naga magi
  17 vault sentinels
  2 torpor snails
  6 water nymphs
  11 cane toads
  Jeremiah (Lair:1)
  A komodo dragon (shapeshifter) (Vaults:1)
  5 rime drakes
  10 komodo dragons
  An efreet (D:13)
  A kobold demonologist (D:12)
  5 freezing wraiths
  Maggie (Lair:2)
  An anaconda simulacrum (IceCv)
  A golden dragon simulacrum (IceCv)
  A tormentor (D:9)
  35 yaktaurs
  An ice devil (D:3)
  Psyche (D:10)
  A yaktaur skeleton (Vaults:3)
  28 merfolk
  6 trolls
  5 hornets
  7 polar bears
  A meliai (shapeshifter) (Vaults:5)
  An alligator simulacrum (IceCv)
  Grinder (D:5)
  8 wind drakes
  43 blink frogs
  11 snapping turtles
  14 dream sheep
  2 fire giant simulacra
  A slime creature (shapeshifter) (D:15)
  An air elemental (Elf:1)
  34 slime creatures
  3 spriggans
  3 shadows
  A centaur simulacrum (D:14)
  19 water elementals
  5 vampires
  3 basilisks
  A basilisk (shapeshifter) (Depths:4)
  5 hogs (Snake:3)
  5 wyverns
  3 fire elementals
  7 wraiths
  46 yaks
  2 redbacks (Vaults:1)
  2 steam dragons
  60 nagas
  Menkaure (D:5)
  7 wargs
  10 vampire mosquitoes
  A warg (shapeshifter) (Vaults:5)
  An acid dragon (D:14)
  A floating eye (Depths:2)
  A floating eye (shapeshifter) (Depths:4)
  14 water moccasins
  2 hydra simulacra (IceCv)
  A glowing shapeshifter skeleton (Vaults:3)
  A hornet zombie (D:8)
  6 ice beasts
  18 orc warriors
  An ettin simulacrum (IceCv)
  3 black bears
  A meliai simulacrum (D:15)
  3 ogres
  19 wolves
  A human zombie (Vaults:3)
  4 centaurs
  2 lemures
  6 kobold brigands
  10 bullfrogs
  6 earth elementals
  2 scorpions (shapeshifter)
  2 wyvern zombies (D:8)
  A gnoll sergeant (D:12)
  2 scorpions (D:6)
  A wight (D:9)
  13 killer bees
  6 howler monkeys
  8 electric eels
  2 centaur zombies (D:8)
  3 gnoll boudas
  5 hounds
  13 orc priests
  2 jellies
  A sleepcap (D:5)
  2 iguanas (D:5)
  21 orc wizards
  6 hell rats
  3 killer bee zombies (D:8)
  22 gnolls
  5 adders
  3 white imps
  A worm (D:4)
  4 dart slugs
  57 orcs
  7 endoplasms
  7 giant cockroaches
  8 goblins
  11 hobgoblins
  2 quokkas
  8 ball pythons
  7 bats
  6 frilled lizards
  28 kobolds
  7 rats
  A foxfire (Shoals:1)
  A spectral weapon (Snake:3)
1866 creatures vanquished.

Vanquished Creatures (collateral kills)
  An orb of fire (Zot:5)
  Parghit (Depths:4)
  A Killer Klown (Zot:5)
  The ghost of Qotsoore the Warrior, an adept DsFi of Okawaru (Vaults:1)
  An electric golem (Zot:5)
  7 Orb Guardians (Zot:5)
  A lich (Depths:3)
  A shadow dragon (Zot:5)
  A storm dragon (Vaults:5)
  Louise (Elf:1)
  A frost giant (Vaults:1)
  2 vault wardens (Vaults:2)
  A fire giant (Depths:2)
  5 ironbound preservers
  A spriggan defender (Depths:3)
  5 very ugly things
  A stone giant (Depths:1)
  2 ironbound thunderhulks
  A black draconian (Depths:4)
  A vampire knight (Depths:1)
  A green draconian (Zot:5)
  A spark wasp (Depths:1)
  2 deep elf annihilators (Elf:3)
  2 ettins (Vaults:5)
  A fire dragon (Depths:4)
  3 yaktaur captains
  An ice dragon (Depths:4)
  3 vault guards
  A rakshasa (Depths:1)
  A great orb of eyes (Vaults:1)
  3 merfolk avatars (Shoals:4)
  3 ironbound frosthearts
  A merfolk aquamancer (Shoals:4)
  2 dancing weapons
  A deep troll shaman (Depths:2)
  A naga warrior (Snake:4)
  3 deep troll earth magi
  A hell knight (Depths:3)
  4 iron trolls
  A skyshark (Shoals:3)
  A sea snake (Shoals:4)
  27 deep trolls
  A glowing orange brain (Depths:1)
  2 harpies
  A deep elf pyromancer (Elf:3)
  A manticore (Shoals:2)
  A salamander (Snake:4)
  5 ugly things
  2 vault sentinels
  A black mamba (Snake:4)
  A cane toad (Lair:3)
  A komodo dragon (Lair:3)
  2 yaktaurs
  A merfolk (Shoals:4)
  A blink frog (Lair:3)
  3 snapping turtles
  A water elemental (Depths:1)
  A redback (Vaults:1)
  A swamp worm (shapeshifter) (Vaults:5)
  27 foxfires
153 creatures vanquished.

Vanquished Creatures (others)
  An Orb Guardian (Zot:1)
  A fire giant (Depths:4)
  An orc warlord (Orc:2)
  A deep elf annihilator (Vaults:5)
  A yaktaur captain (Vaults:5)
  A salamander tyrant (Snake:3)
  5 vault guards (Vaults:5)
  Urug (Orc:2)
  A deep elf knight (Elf:2)
  A sea snake (Shoals:4)
  2 phantasmal warriors (Vaults:5)
  An orc knight (Orc:2)
  A deep elf pyromancer (D:13)
  A deep elf zephyrmancer (Elf:1)
  2 yaktaurs (Vaults:5)
  11 orc warriors (Orc:2)
  3 orc priests (Orc:2)
  5 orc wizards (Orc:2)
  7 orcs
  2437 foxfires
  23 starspawn tentacles
2507 creatures vanquished.

Grand Total: 4526 creatures vanquished

Table legend:
 A = Non-vault XP
 B = Vault XP
 C = Vault XP percentage of total XP
 D = Non-vault monster count
 E = Vault monster count
 F = Vault count percentage of total count
                 A         B        C        D         E       F
            +---------+---------+-------+---------+---------+-------
      Total |  659036 |  523199 |  44.3 |    1375 |     624 |  31.2
            +---------+---------+-------+---------+---------+-------
        D:1 |      61 |       3 |   4.7 |      32 |       2 |   5.9
        D:2 |      44 |       0 |   0.0 |      18 |       0 |   0.0
        D:3 |      44 |       0 |   0.0 |      18 |       0 |   0.0
        D:4 |     334 |     641 |  65.7 |      17 |       1 |   5.6
        D:5 |     544 |     453 |  45.4 |      22 |       2 |   8.3
        D:6 |    1156 |     513 |  30.7 |      29 |       5 |  14.7
        D:7 |     348 |       0 |   0.0 |      12 |       0 |   0.0
        D:8 |     899 |    1054 |  54.0 |      12 |      19 |  61.3
        D:9 |    4297 |    1121 |  20.7 |      32 |       7 |  17.9
       D:10 |    1598 |     525 |  24.7 |      16 |       2 |  11.1
       D:11 |    1882 |       0 |   0.0 |      12 |       0 |   0.0
       D:12 |   10038 |    7461 |  42.6 |      25 |      15 |  37.5
       D:13 |    8371 |       0 |   0.0 |      14 |       0 |   0.0
       D:14 |   12718 |   12491 |  49.5 |      30 |      26 |  46.4
       D:15 |    5821 |    4531 |  43.8 |      10 |       8 |  44.4
     Lair:1 |    4414 |     394 |   8.2 |      23 |       1 |   4.2
     Lair:2 |    8662 |     667 |   7.1 |      35 |       3 |   7.9
     Lair:3 |    8404 |    3894 |  31.7 |      33 |      13 |  28.3
     Lair:4 |   13190 |    2706 |  17.0 |      53 |       7 |  11.7
     Lair:5 |   19906 |    7532 |  27.5 |      52 |      15 |  22.4
   Shoals:1 |   12813 |       0 |   0.0 |      26 |       0 |   0.0
   Shoals:2 |   13571 |       0 |   0.0 |      29 |       0 |   0.0
   Shoals:3 |   15473 |       0 |   0.0 |      33 |       0 |   0.0
   Shoals:4 |   11891 |   23077 |  66.0 |      26 |      37 |  58.7
    Snake:1 |   11158 |    2079 |  15.7 |      26 |       3 |  10.3
    Snake:2 |   20378 |       0 |   0.0 |      44 |       0 |   0.0
    Snake:3 |   27433 |   19178 |  41.1 |      47 |      31 |  39.7
    Snake:4 |   16110 |   20805 |  56.4 |      35 |      33 |  48.5
      Orc:1 |    2583 |       0 |   0.0 |      41 |       0 |   0.0
      Orc:2 |    2872 |    2918 |  50.4 |      31 |      12 |  27.9
      Elf:1 |   18818 |   14442 |  43.4 |      38 |      21 |  35.6
      Elf:2 |   14328 |    6609 |  31.6 |      22 |       8 |  26.7
      Elf:3 |   23549 |   31242 |  57.0 |      40 |      28 |  41.2
   Vaults:1 |   33900 |   30291 |  47.2 |      54 |      34 |  38.6
   Vaults:2 |   26540 |   20135 |  43.1 |      38 |      27 |  41.5
   Vaults:3 |   35511 |   15497 |  30.4 |      50 |      32 |  39.0
   Vaults:4 |   27723 |   28203 |  50.4 |      38 |      36 |  48.6
   Vaults:5 |   18260 |   92014 |  83.4 |      23 |      83 |  78.3
   Depths:1 |   39284 |     881 |   2.2 |      50 |       1 |   2.0
   Depths:2 |   17275 |   19237 |  52.7 |      22 |      19 |  46.3
   Depths:3 |   32275 |   15142 |  31.9 |      38 |      12 |  24.0
   Depths:4 |   33829 |   20690 |  38.0 |      41 |      15 |  26.8
      Zot:1 |   27312 |       0 |   0.0 |      26 |       0 |   0.0
      Zot:2 |   30960 |   12853 |  29.3 |      28 |      14 |  33.3
      Zot:3 |   17793 |    1291 |   6.8 |      16 |       1 |   5.9
      Zot:5 |   24666 |   97414 |  79.8 |      18 |      41 |  69.5
      IceCv |       0 |    4225 | 100.0 |       0 |       9 | 100.0
   Gauntlet |       0 |     990 | 100.0 |       0 |       1 | 100.0
            +---------+---------+-------+---------+---------+-------

Skill      XL: |  1  2  3  4  5  6  7  8  9 10 11 12 13 14 15 16 17 18 19 20 21 22 23 24 25 |
---------------+----------------------------------------------------------------------------+-----
Stealth        | 2 6 |  6.0
Fire Magic     | 4 5 6 10 14 15 | 15.0
Spellcasting   | 3 8 10 12 | 12.0
Dodging        | 2 4 5 6 8 11 12 13 14 15 16 | 16.3
Fighting       | 2 5 7 8 11 12 13 14 15 16 18 | 18.0
Invocations    | 3 5 6 10 12 16 18 | 18.0
Maces & Flails | 6 8 9 12 14 | 14.0
Conjurations   | 2 9 10 14 18 | 18.0
Evocations     | 4 8 9 10 11 12 | 12.0
Translocations | 1 5 6 |  6.0
Shields        | 4 5 8 12 14 15 | 15.0
Air Magic      | 11 12 | 12.0
Summonings     | 3 |  3.0
Necromancy     | 13 14 | 14.1
Earth Magic    | 7 |  7.0

Action                     |  1- 3 |  4- 6 |  7- 9 | 10-12 | 13-15 | 16-18 | 19-21 | 22-24 | 25-27 || total
---------------------------+-------+-------+-------+-------+-------+-------+-------+-------+-------++-------
  Melee: Unarmed           |     1 |       |       |       |       |       |       |       |       ||     1
         Dagger            |    18 |    30 |       |       |       |       |       |       |       ||    48
         Quarterstaff      |     3 |       |       |       |       |       |       |       |       ||     3
         Tailslap          |     4 |     3 |    11 |    57 |   215 |   213 |   322 |   341 |    28 ||  1194
         Club              |     2 |       |       |       |       |       |       |       |       ||     2
         Punch             |       |     1 |       |     2 |     2 |       |       |       |       ||     5
         Whip              |       |       |    12 |       |       |       |       |       |       ||    12
         Flail             |       |       |    46 |   294 |   994 |  1000 |  1208 |  1159 |    89 ||  4790
         Headbutt          |       |       |       |       |       |       |       |       |     9 ||     9
  Throw: Dart              |       |       |       |       |    27 |       |       |       |       ||    27
   Cast: Foxfire           |    78 |    84 |   107 |   306 |   663 |   190 |     3 |       |       ||  1431
         Scorch            |     1 |    16 |    41 |   127 |   288 |       |       |       |       ||   473
         Passage of Golubr |       |       |       |       |     5 |       |       |     6 |     8 ||    19
         Starburst         |       |       |       |       |     2 |   152 |    29 |    34 |       ||   217
         Plasma Beam       |       |       |       |       |       |   171 |   177 |   326 |     4 ||   678
         Summon Lightning  |       |       |       |       |       |    38 |    23 |    14 |     1 ||    76
         Death Channel     |       |       |       |       |       |     1 |    27 |    20 |     1 ||    49
         Borgnjor's Vile C |       |       |       |       |       |       |    35 |   117 |     4 ||   156
         Orb of Destructio |       |       |       |       |       |       |       |    41 |    11 ||    52
 Invoke: Banish            |       |       |     2 |     5 |     2 |       |       |     3 |       ||    12
         Corrupt           |       |       |       |       |     1 |       |       |     1 |       ||     2
Ability: Breathe Steam     |       |       |    24 |    50 |   120 |    46 |     8 |     5 |     1 ||   254
         Evoke Invisibilit |       |       |       |       |       |     1 |       |       |       ||     1
  Evoke: Wand              |       |       |     7 |     7 |     7 |    21 |     5 |    18 |     2 ||    67
         Box of beasts     |       |       |       |     1 |     3 |     4 |     2 |     4 |     1 ||    15
         Lightning rod     |       |       |       |       |       |    17 |    10 |    16 |     4 ||    47
         Condenser vane    |       |       |       |       |       |     4 |     1 |     4 |     1 ||    10
         Phial of floods   |       |       |       |       |       |     2 |     1 |     1 |     1 ||     5
         Phantom mirror    |       |       |       |       |       |     1 |     1 |     1 |     1 ||     4
    Use: Scroll            |       |     4 |     5 |    11 |    13 |     3 |    10 |    20 |    10 ||    76
         Potion            |       |       |     3 |     2 |       |     5 |     1 |    21 |    22 ||    54
   Stab: Sleeping          |     1 |       |       |     2 |     1 |     9 |    10 |     1 |       ||    24
         Distracted        |       |       |       |     1 |     1 |     9 |    18 |    12 |       ||    41
         Invisible         |       |       |       |       |     3 |     8 |     1 |     5 |       ||    17
 Armour: Skin              |    15 |    24 |    57 |   222 |   474 |   439 |   407 |   535 |    35 ||  2208
  Dodge: Dodged            |    22 |    23 |    78 |   459 |   942 |  1057 |   977 |   831 |    61 ||  4450
  Block: Other             |       |       |       |    23 |   153 |       |       |       |       ||   176
         Buckler           |       |       |       |       |   383 |   816 |   634 |       |       ||  1833
         Reflection        |       |       |       |       |    15 |    93 |    43 |    41 |     5 ||   197
         Kite shield       |       |       |       |       |       |       |   115 |  1387 |   138 ||  1640

Illustrated notes

Table legend:
 A = Kills in this place as a percentage of kills in the entire game.
 B = Kills by you in this place as a percentage of kills by you in the entire game.
 C = Kills by friends in this place as a percentage of kills by friends in the entire game.
 D = Other kills in this place as a percentage of other kills in the entire game.
 E = Experience gained in this place as a percentage of experience gained in the entire game.
 F = Experience gained in this place divided by the number of levels of this place that you have seen.
                   A       B       C       D       E      F
               +-------+-------+-------+-------+-------+----------------------
         Total | 100.0 | 100.0 | 100.0 | 100.0 | 100.0 | 23801.2
       Dungeon |  19.6 |  20.9 |   0.0 |  21.1 |   7.1 | 5633.2
          Lair |  11.7 |  12.2 |   2.4 |  26.3 |   5.9 | 13953.8
        Shoals |   7.5 |   7.5 |   9.5 |   0.0 |   6.5 | 19206.2
     Snake Pit |  10.9 |  11.5 |   2.4 |   5.3 |   9.8 | 29285.2
  Orcish Mines |   4.2 |   4.4 |   0.0 |  10.5 |   0.7 | 4186.5
   Elven Halls |   7.8 |   8.1 |   4.0 |  10.5 |   9.2 | 36329.3
        Vaults |  20.7 |  19.2 |  43.7 |  15.8 |  27.6 | 65614.8
        Depths |   9.9 |   8.6 |  28.6 |   5.3 |  15.0 | 44653.2
           Zot |   7.2 |   7.1 |   9.5 |   5.3 |  17.9 | 42513.0
      Ice Cave |   0.4 |   0.5 |   0.0 |   0.0 |   0.4 | 4225.0
      Gauntlet |   0.0 |   0.1 |   0.0 |   0.0 |   0.1 | 990.0
               +-------+-------+-------+-------+-------+----------------------

Table legend: (Time is in decaauts)
 A = Elapsed time spent in this place.
 B = Non-inter-level travel time spent in this place.
 C = Inter-level travel time spent in this place.
 D = Time resting spent in this place.
 E = Time spent auto-exploring this place.
 F = Levels seen in this place.
 G = Mean time per level.
                   A        B        C        D        E       F      G
               +--------+--------+--------+--------+--------+-----+--------+
         Total |  94166 |  88010 |   6156 |  26827 |  43905 |  50 | 1883.3 |
       Dungeon |  23592 |  21063 |   2529 |   4333 |  12811 |  15 | 1572.8 |
          Lair |  11960 |  11190 |    770 |   3526 |   5442 |   5 | 2392.0 |
        Shoals |   7485 |   7053 |    432 |   1671 |   4310 |   4 | 1871.2 |
     Snake Pit |  12607 |  12166 |    441 |   5509 |   4674 |   4 | 3151.8 |
  Orcish Mines |   2097 |   1922 |    175 |    278 |   1080 |   2 | 1048.5 |
   Elven Halls |   4882 |   4768 |    114 |    778 |   2960 |   3 | 1627.3 |
        Vaults |  12092 |  11096 |    996 |   2495 |   5966 |   5 | 2418.4 |
        Depths |  10721 |  10313 |    408 |   3347 |   5510 |   4 | 2680.2 |
           Zot |   8147 |   7859 |    288 |   4711 |    982 |   5 | 1629.4 |
         Trove |     44 |     44 |      0 |      0 |      0 |   1 |   44.0 |
      Ice Cave |     40 |     40 |      0 |      0 |      0 |   1 |   40.0 |
      Gauntlet |    495 |    495 |      0 |    176 |    170 |   1 |  495.0 |
               +--------+--------+--------+--------+--------+-----+--------+

Top non-repeatable levels by time:
 Snake:3: 6599 daAuts
   Zot:5: 4373 daAuts
Depths:4: 4292 daAuts
  Lair:4: 3695 daAuts
    D:14: 3105 daAuts
Depths:3: 2744 daAuts
Vaults:5: 2695 daAuts
Vaults:4: 2645 daAuts
    D:12: 2534 daAuts
Vaults:3: 2394 daAuts
Depths:2: 2286 daAuts
  Lair:5: 2273 daAuts
Vaults:2: 2251 daAuts
 Snake:2: 2205 daAuts
Shoals:4: 2198 daAuts
